Map: 엔디온 잔해

Players

lIlIIlIlIll

  • Race: Terran Terran
  • League: Grandmaster

llllllllllll (Scarlett) - Winner!

  • Race: Zerg Zerg
  • League: Grandmaster

VOD

Have the link to the VOD?

Description

Time

  • Played on: April 13, 2016, 9:44 a.m.
  • Length: 14:31
Show
View Real Time Build Order
Export as new Build Order

lIlIIlIlIll Terran 

Build Orders: Reaper Expand, Bio Mine 

Get SALT Encoding   

  12  0:00  SCV  
  13  0:13  SCV  
  14  0:17  Supply Depot  
  14  0:25  SCV  
  15  0:38  SCV  
  15  0:39  Barracks  
  16  0:43  Refinery  
  16  0:51  SCV  
  17  1:03  SCV  
  18  1:15  SCV  
  19  1:26  Reaper  
  19  1:27  Orbital Command  
  20  1:39  Command Center  
  20  1:52  SCV  
  20  1:53  Supply Depot  
  21  1:58  Marine  
  22  2:04  Factory  
  22  2:06  SCV  
  23  2:18  SCV  
  23  2:20  Barracks Reactor  
  24  2:30  SCV  
  24  2:34  Refinery  
  23  2:42  SCV  
  23  2:54  SCV  
  24  2:58  Marine x2  
  24  2:59  Starport  
  24  3:02  Widow Mine  
  28  3:07  SCV  
  29  3:19  SCV  
  29  3:20  Marine x2  
  29  3:26  Orbital Command  
  31  3:29  Supply Depot  
  31  3:32  Factory Tech Lab  
  31  3:36  Medivac  
  31  3:39  Marine x2  
  31  3:40  SCV  
  36  3:43  Orbital Command  
  36  3:53  Command Center  
  36  3:56  Siege Tank  
  36  4:00  SCV  
  40  4:05  Marine x2  
  40  4:08  Medivac  
  44  4:10  SCV  
  44  4:14  Supply Depot  
  44  4:15  SCV  
  46  4:23  Marine x2  
  48  4:28  Orbital Command  
  48  4:29  SCV  
  46  4:41  Marine x2  
  48  4:47  SCV  
  48  4:52  Siege Tank  
  52  4:54  SCV  
  52  4:56  Barracks x2  
  52  4:59  SCV  
  54  5:03  Marine x2  
  56  5:18  SCV  
  56  5:19  SCV  
  56  5:20  Marine  
  56  5:21  Marine  
  60  5:23  Engineering Bay  
  60  5:24  Engineering Bay  
  60  5:31  Medivac  
  60  5:32  Orbital Command  
  60  5:33  SCV x2  
  64  5:37  Supply Depot  
  64  5:46  SCV  
  60  5:50  Marine x2, Barracks Tech Lab  
  60  5:51  Barracks Tech Lab  
  60  5:54  SCV  
  63  5:57  Terran Infantry Weapons Level 1  
  63  5:58  SCV, Terran Infantry Armor Level 1  
  63  6:03  Starport Reactor  
  61  6:13  Marine x4  
  61  6:14  Stimpack  
  61  6:17  SCV x2  
  61  6:18  Refinery x2  
  63  6:19  Orbital Command  
  63  6:20  Combat Shields  
  63  6:30  Barracks  
  63  6:31  Barracks  
  63  6:32  Supply Depot  
  63  6:39  Marine x4  
  62  6:42  SCV x2  
  65  6:52  Medivac  
  65  6:53  Medivac  
  69  6:54  SCV x3  
  72  7:04  Marine x2  
  72  7:05  Marine x2  
  76  7:10  SCV x3  
  76  7:14  Supply Depot  
  79  7:17  Supply Depot x2  
  79  7:19  Barracks Reactor x2  
  79  7:21  Armory  
  79  7:22  Marine x3  
  79  7:23  Marine  
  83  7:34  SCV x3  
  86  7:38  Siege Tank  
  89  7:46  SCV x3, Supply Depot  
  89  7:47  Supply Depot  
  89  7:48  Marine x2  
  89  7:49  Marine x2  
  96  7:55  Marine  
  96  7:56  Marine x3, Medivac  
  96  7:57  Medivac  
  104  8:06  Marine  
  104  8:07  SCV x2  
  104  8:08  SCV  
  104  8:10  Marine  
  109  8:24  Terran Infantry Armor Level 2  
  108  8:32  Marine x7  
  108  8:33  Marine  
  108  8:34  Terran Infantry Weapons Level 2  
  101  8:36  Refinery  
  101  8:37  Refinery, Barracks x2, SCV x3  
  101  8:39  Barracks  
  101  8:41  Missile Turret  
  104  8:43  Missile Turret  
  104  8:45  Supply Depot x2  
  102  8:53  Marine x5  
  102  8:55  Marine, Marauder  
  110  8:56  Marauder  
  110  9:01  SCV  
  110  9:02  SCV x2  
  111  9:14  Marine  
  111  9:15  Marine x5  
  117  9:24  Medivac x2, Marauder x2  
  121  9:27  Barracks Reactor, Supply Depot, Barracks Tech Lab x2  
  121  9:29  Barracks Reactor  
  125  9:33  Supply Depot  
  125  9:34  Supply Depot  
  125  9:35  Supply Depot  
  125  9:38  Marine x6  
  128  9:39  Widow Mine  
  128  9:40  Drilling Claws  
  128  9:41  Missile Turret  
  128  9:43  Missile Turret  
  128  9:44  Factory  
  133  9:50  Marauder x3  
  138  10:05  Marine x9  
  138  10:06  Marine, Medivac  
  138  10:07  Medivac  
  149  10:09  Supply Depot  
  149  10:14  Supply Depot, Widow Mine, Marauder x3  
  157  10:28  Missile Turret  
  157  10:29  Factory Reactor  
  157  10:30  Marine x9  
  157  10:31  Marine  
  172  10:42  Marauder  
  172  10:43  Medivac x2, Marauder x2  
  172  10:45  Terran Infantry Armor Level 3  
  173  11:02  Marine  
  173  11:03  Marine x9  
  178  11:04  Terran Infantry Weapons Level 3  
  178  11:07  Widow Mine x3  
  182  11:24  Command Center  
  182  11:29  Marine  
  182  11:30  Marine x4, Marauder x3  
  136  11:51  Marine  
  136  11:52  Marine x9  
  136  11:53  Medivac x2  
  123  11:55  Widow Mine x3  
  129  12:09  Marauder x3  
  120  12:35  Marine x7, Marauder x3  
  120  12:43  Widow Mine x3  
  125  12:44  Medivac x2  
  129  12:52  Marine x3  
  129  12:53  Marine x7  
  137  13:07  Marauder x3  
  143  13:15  Marine x10  
  143  13:16  Widow Mine x3  
  159  13:28  Marauder x2  
  148  13:48  Marine  
  148  13:49  Marine x9, Marauder x2  
  148  13:50  Marauder  
  145  14:06  Marine  
  106  14:12  Marine x2  
  106  14:13  Marine x5  
Show
View Real Time Build Order
Export as new Build Order

llllllllllll Zerg - Winner!

Build Orders: Pool First 

Get SALT Encoding   

  12  0:00  Drone  
  13  0:08  Drone  
  14  0:18  Overlord  
  14  0:22  Extractor  
  14  0:23  Drone  
  15  0:37  Drone x2  
  17  0:44  Spawning Pool  
  17  0:48  Drone  
  17  0:52  Extractor  
  16  0:57  Drone  
  17  1:06  Drone  
  18  1:17  Hatchery  
  17  1:30  Zergling x2  
  17  1:31  Zergling x2  
  19  1:37  Queen  
  21  1:42  Overlord  
  21  1:52  Drone, Metabolic Boost  
  22  2:12  Drone  
  22  2:13  Drone, Queen  
  26  2:30  Drone x2  
  28  2:44  Drone x3, Queen  
  28  2:50  Overlord  
  32  2:51  Zergling x6  
  35  3:03  Zergling x2  
  35  3:08  Zergling x2  
  36  3:14  Hatchery  
  35  3:21  Drone  
  35  3:22  Drone x2  
  35  3:25  Drone x2  
  40  3:30  Drone  
  40  3:32  Drone  
  42  3:38  Drone x2  
  44  3:42  Overlord  
  44  3:49  Overlord  
  44  3:54  Overlord  
  44  4:00  Evolution Chamber, Queen  
  45  4:03  Evolution Chamber  
  45  4:04  Drone x2  
  46  4:10  Spore Crawler  
  45  4:18  Drone x5  
  50  4:32  Drone x2  
  50  4:33  Drone x5  
  57  4:39  Zerg Melee Weapons Level 1, Zerg Ground Armor Level 1  
  57  4:51  Drone x7, Extractor  
  63  5:00  Overlord  
  63  5:01  Overlord  
  63  5:04  Lair  
  63  5:11  Overlord  
  57  5:23  Queen  
  57  5:24  Queen  
  57  5:25  Drone x9  
  70  5:29  Extractor x2  
  68  5:37  Zergling x14  
  75  5:49  Zergling x2  
  73  5:50  Zergling x12  
  71  6:12  Drone  
  71  6:13  Drone x6  
  78  6:19  Baneling Nest  
  78  6:20  Spire  
  76  6:29  Overlord  
  76  6:31  Queen  
  78  6:33  Zergling x10  
  82  6:40  Zerg Melee Weapons Level 2, Zerg Ground Armor Level 2  
  82  6:46  Queen  
  83  6:48  Overseer  
  83  6:54  Drone  
  83  6:55  Drone x6  
  83  6:57  Extractor  
  83  6:59  Extractor  
  83  7:00  Overlord x2  
  83  7:01  Overlord  
  88  7:14  Drone x2  
  88  7:15  Overlord x5  
  90  7:36  Drone  
  90  7:37  Drone x3, Mutalisk x4  
  102  7:54  Mutalisk x4  
  102  7:55  Hatchery  
  102  7:57  Zerg Flyer Weapons Level 1  
  109  7:58  Pneumatized Carapace  
  109  8:06  Zergling x14  
  115  8:13  Mutalisk x2  
  115  8:14  Overlord, Hatchery  
  115  8:17  Zergling x4  
  108  8:30  Drone  
  108  8:31  Drone x6  
  105  8:35  Queen  
  105  8:40  Drone x3  
  110  8:45  Drone  
  111  9:00  Drone x2  
  113  9:04  Mutalisk  
  113  9:05  Mutalisk x4  
  113  9:08  Mutalisk x2  
  127  9:12  Extractor  
  127  9:14  Infestation Pit  
  127  9:15  Extractor  
  124  9:22  Overseer  
  124  9:24  Drone x9  
  133  9:42  Drone x3  
  133  9:43  Drone x9  
  145  9:46  Zergling x10  
  145  9:47  Baneling  
  145  9:48  Baneling x11  
  150  9:53  Zergling x2, Hatchery  
  150  9:54  Zergling x6  
  150  9:55  Hatchery  
  150  10:08  Zerg Flyer Armor Level 1  
  150  10:11  Hive  
  150  10:15  Overlord x3  
  150  10:20  Overlord  
  150  10:21  Mutalisk x2  
  150  10:23  Zergling x18  
  150  10:27  Overlord  
  163  10:30  Zergling x6  
  163  10:51  Zergling x16  
  163  10:52  Zergling x18  
  163  10:56  Queen  
  171  10:58  Drone x2  
  171  10:59  Drone  
  174  11:13  Baneling  
  174  11:15  Zergling x22  
  174  11:16  Zergling x10  
  174  11:18  Baneling x20  
  190  11:19  Baneling x4  
  190  11:20  Zergling x6  
  190  11:21  Zergling x4  
  195  11:25  Zergling x2  
  195  11:26  Zergling x2  
  195  11:28  Zerg Melee Weapons Level 3  
  195  11:29  Zerg Ground Armor Level 3  
  197  11:37  Centrifical Hooks  
  137  11:47  Zergling x6  
  137  11:48  Zergling x26  
  142  11:54  Zergling x18  
  142  11:56  Baneling x4  
  142  11:58  Zergling x4  
  154  12:01  Zergling x6  
  154  12:04  Zergling x8  
  154  12:08  Zergling x8  
  164  12:14  Baneling  
  164  12:15  Baneling x3  
  149  12:33  Ultralisk Cavern  
  125  12:38  Zergling x32  
  125  12:39  Zergling x18  
  149  12:47  Baneling x6  
  149  12:50  Overlord x2  
  149  12:51  Overseer x2  
  149  12:56  Adrenal Glands  
  149  12:58  Zergling x2  
  149  12:59  Zergling x10  
  151  13:12  Baneling  
  151  13:13  Baneling x5  
  151  13:14  Zergling x2  
  151  13:15  Zergling x30  
  167  13:20  Baneling x2  
  167  13:31  Zergling x12  
  170  13:37  Zergling x24  
  180  13:43  Baneling  
  180  13:44  Baneling x13  
  180  13:45  Zergling x2  
  158  14:06  Zergling x2  
  158  14:07  Zergling x18  
  159  14:13  Zergling x8  
  159  14:15  Overseer  
Tags
 
Add a new tag
Caveats
  • Supply blocks, unpowered buildings, or Contaminate may cause inaccurate times.
  • Supply counts are checked every 10 seconds.